details: '1vs3'

« prev index next »

General information

Mini Map

Players

team 1
Random» Ilovewin (yellow | 12916 APM | 12909 actions | 00:59)

» actions
Enter build submenu3
Right click6
Select / deselect7
Use ability12893
12909 total
» buildings
Altar of Elders12892
12892 total
» build order
00:03 Altar of Elders
00:03 Altar of Elders
00:04 Altar of Elders
00:04 Altar of Elders
00:04 Altar of Elders
00:05 Altar of Elders
00:05 Altar of Elders
00:05 Altar of Elders
00:06 Altar of Elders
00:06 Altar of Elders
00:06 Altar of Elders
00:06 Altar of Elders
00:07 Altar of Elders
00:07 Altar of Elders
00:07 Altar of Elders
00:07 Altar of Elders
00:07 Altar of Elders
00:08 Altar of Elders
00:08 Altar of Elders
00:09 Altar of Elders
00:09 Altar of Elders
00:09 Altar of Elders
00:09 Altar of Elders
00:30 Altar of Elders
00:30 Altar of Elders
00:31 Altar of Elders
00:31 Altar of Elders
00:31 Altar of Elders
00:31 Altar of Elders
00:32 Altar of Elders
00:32 Altar of Elders
00:32 Altar of Elders
00:32 Altar of Elders
00:33 Altar of Elders
00:33 Altar of Elders
00:33 Altar of Elders
00:33 Altar of Elders
00:34 Altar of Elders
00:34 Altar of Elders
00:34 Altar of Elders
00:34 Altar of Elders
00:35 Altar of Elders
00:35 Altar of Elders
00:35 Altar of Elders
00:35 Altar of Elders
00:36 Altar of Elders
00:56 Altar of Elders
00:56 Altar of Elders
00:56 Altar of Elders
00:57 Altar of Elders
00:57 Altar of Elders
00:57 Altar of Elders
00:57 Altar of Elders
00:58 Altar of Elders
00:58 Altar of Elders
00:58 Altar of Elders
00:59 Altar of Elders
00:59 Altar of Elders
00:59 Altar of Elders
01:00 Altar of Elders
Random» UndeadSAUGNAPF (purple | 76 APM | 561 actions | 07:25)
Hero icon 1 Death Knight
Ability icon 1 Death Coil
Hero icon 1 Demon Hunter
Ability icon 1 Mana Burn
Hero icon 1 Pandaren Brewmaster
Ability icon 1 Breath of Fire

» actions
Build / train27
Enter build submenu16
Enter hero's abilities submenu3
Right click369
Select / deselect129
Use ability17
561 total
» units
Acolyte3
Ghoul10
Wisp1
Gargoyle2
16 total
» buildings
Altar of Darkness1
Ziggurat3
Crypt1
Nerubian Tower2
Halls of the Dead1
Graveyard1
Hunter's Hall1
Slaughterhouse1
11 total
» build order
00:04 Altar of Darkness
00:05 Ziggurat
00:15 Crypt
00:58 Nerubian Tower
01:42 Ziggurat
02:13 Ziggurat
03:31 Halls of the Dead
03:33 Graveyard
03:57 Hunter's Hall
06:24 Slaughterhouse
Random» NightElfStarmauzi (red | 128 APM | 928 actions | 07:16)
Hero icon 1 Demon Hunter
Ability icon 1 Mana Burn

» actions
Assign group hotkey65
Basic commands28
Build / train46
Enter build submenu15
Enter hero's abilities submenu1
Right click344
Select / deselect150
Select group hotkey243
Use ability36
928 total
» units
Wisp19
Huntress10
Archer13
42 total
» buildings
Altar of Elders2
Moon Well8
Hunter's Hall1
Ancient of War4
15 total
» build order
00:12 Altar of Elders
00:20 Moon Well
01:14 Altar of Elders
01:25 Moon Well
01:43 Hunter's Hall
01:47 Ancient of War
01:54 Moon Well
02:03 Ancient of War
02:17 Moon Well
02:24 Ancient of War
02:44 Moon Well
02:55 Ancient of War
03:11 Moon Well
05:47 Moon Well
07:02 Moon Well
» items
Boots of Speed2
2 total
team 2
Random» UndeadAlHamblen (blue | 24 APM | 7 actions | 00:17)

» actions
Build / train2
Right click2
Select / deselect3
7 total
» units
Acolyte2
2 total
Random» angel-warrior (pink | 12 APM | 8 actions | 00:39)

» actions
Enter build submenu1
Right click3
Select / deselect3
Use ability1
8 total
» buildings
Altar of Kings1
1 total
» build order
00:30 Altar of Kings
Random» NightElfdamendenie (green | 157 APM | 1171 actions | 07:26)
Hero icon 1 Demon Hunter
Ability icon 1 Mana Burn
Hero icon 3 Archmage
Ability icon 2 Summon Water Elemental
Ability icon 1 Brilliance Aura
Hero icon 3 Death Knight
Ability icon 2 Death Coil
Ability icon 1 Unholy Aura

» actions
Assign group hotkey32
Basic commands54
Build / train63
ESC pressed4
Enter build submenu34
Enter hero's abilities submenu7
Right click368
Select / deselect330
Select group hotkey228
Use ability51
1171 total
» units
Wisp9
Acolyte1
Peasant5
Ghoul1
Footman16
Crypt Fiend9
Huntress8
49 total
» upgrades
Defend1
Creature Attack1
Strength of the Wild1
Strength of the Moon1
4 total
» buildings
Altar of Elders1
Moon Well5
Crypt2
Barracks2
Graveyard1
Farm6
Altar of Darkness1
Ziggurat3
Hunter's Hall1
Ancient of War2
Tomb of Relics1
Blacksmith1
26 total
» build order
00:10 Altar of Elders
00:19 Moon Well
00:32 Crypt
00:46 Barracks
00:56 Graveyard
01:10 Farm
01:20 Altar of Darkness
01:23 Ziggurat
01:33 Farm
01:45 Hunter's Hall
01:47 Ancient of War
01:57 Tomb of Relics
02:04 Ancient of War
02:26 Ziggurat
02:37 Barracks
02:39 Farm
03:44 Farm
03:50 Moon Well
03:50 Moon Well
04:08 Ziggurat
04:31 Farm
04:53 Crypt
05:53 Moon Well
05:54 Moon Well
07:15 Blacksmith
07:16 Farm

Chat log

(00:12 / All) AlHamblen: gogo hack noobs
(00:17 / All) Starmauzi: haben MSN
(00:24 / All) SAUGNAPF: deuche haben nur so
(00:24 / All) Starmauzi: für ICQ ESL Liga
(00:25 / All) SAUGNAPF: haha
(00:26 / All) SAUGNAPF: deuche so
(00:28 / All) SAUGNAPF: ICQ + XFIRE
(00:30 / All) Starmauzi: HAHA
(00:32 / All) Starmauzi: wir so mSN
(00:36 / All) Starmauzi: + Flirtportal.de
(00:36 / All) SAUGNAPF: aMSN ALTA
(00:39 / All) Starmauzi: Ya man
(01:22 / All) SAUGNAPF: ILOVE IST WEG ALTA

(06:36 / All) Starmauzi: azha
(06:37 / All) Starmauzi: MH
(06:38 / All) Starmauzi: Mongo
(06:42 / All) Starmauzi: how ib eat you
(06:44 / All) Starmauzi: 1n1
(06:44 / All) Starmauzi: np
(06:46 / All) Starmauzi: but noob allie
(06:48 / All) Starmauzi: using dischack
(06:50 / All) Starmauzi: and give you share
(07:03 / All) SAUGNAPF: Noob masser
(07:10 / All) Starmauzi: Hurensohn
(07:24 / All) SAUGNAPF: damerniede get some skill noob